 Dungeon Crawl Stone Soup version 0.32-a0-938-g40ac7a0f4d (webtiles) character file.

Game seed: 7245145528495767078

177 uglyjohn the Ruffian (level 5, -3/42 HPs)
             Began as a Draconian Shapeshifter on Apr 15, 2024.
             Killed by divine providence
             ... invoked by an orc priest
              (10 damage)
             ... on level 3 of the Dungeon.
             The game lasted 00:05:46 (1934 turns).

uglyjohn the Ruffian (Draconian Shapeshifter)       Turns: 1934, Time: 00:05:47

Health: -3/42      AC:  5    Str: 22    XL:     5   Next: 30%
Magic:  5/5        EV: 11    Int: 12    God:
Gold:   58         SH:  5    Dex: 11    Spells: 4/4 levels left

rFire   . .          .
                       - Unarmed
rCold   . . .        (no shield)
rNeg    + . .        (body armour unavailable)
rPois   .            (helmet currently unavailable)
rElec   +            (cloak currently unavailable)
rCorr   .            (gloves currently unavailable)
SInv    .            (boots currently unavailable)
Will    +....        o - amulet of reflection
Stlth   +            n - ring of Osebe {rElec rN+ Will+ Str+6}
HPRegen 0.27/turn    (no ring)
MPRegen 0.09/turn

%: reflection
@: beast-form
A: beast (slay +2), AC +5, unfitting armour, cold-blooded
a: Begin Untransformation, Convert to Beogh


You were on level 3 of the Dungeon.
You were a hulking beast.
You visited 1 branch of the dungeon, and saw 3 of its levels.

You collected 58 gold pieces.

Inventory:

Armour
 e - a +0 pair of gloves
Jewellery
 k - a ring of positive energy
 n - the ring of Osebe (left hand) {rElec rN+ Will+ Str+6}
   (You found it on level 2 of the Dungeon)

   [ring of strength]

   Str+6:     It affects your strength (+6).
   rElec:     It insulates you from electricity.
   rN+:       It protects you from negative energy.
   Will+:     It increases your willpower.
 o - an amulet of reflection (around neck)
Talismans
 b - a beast talisman (active)
 c - a flux talisman
Scrolls
 d - 3 scrolls of teleportation
 f - a scroll of blinking {unknown}
 g - a scroll of fog {unknown}
 h - a scroll of identify {unknown}
 j - a scroll of revelation {unknown}
 l - a scroll of poison {unknown}
 m - a scroll of silence {unknown}
 p - a scroll of fear {unknown}
 q - a scroll of enchant armour {unknown}
Potions
 a - 2 potions of lignification
 i - a potion of curing {unknown}
 r - a potion of might {unknown}


   Skills:
 + Level 2.4 Fighting
 + Level 2.5 Dodging
 * Level 4.2 Unarmed Combat
 * Level 4.1 Shapeshifting


You had 4 spell levels left.
You didn't know any spells.
Your spell library contained the following spells:

 Spells                   Type           Power      Damage    Failure   Level
 Blink                    Tloc           0%         N/A       45%         2
 Lesser Beckoning         Tloc           0%         N/A       45%         2
 Momentum Strike          Conj/Tloc      0%         3d8       45%         2
 Sublimation of Blood     Necr           0%         N/A       45%         2
 Petrify                  Alch/Erth      0%         N/A       97%         4
 Irradiate                Conj/Alch      0%         3d11      100%        5


Dungeon Overview and Level Annotations

Branches:
Dungeon (3/15)

Altars:

Portals:
Sewer: D:3


Innate Abilities, Weirdness & Mutations

You are a hulking beast.
Your limbs bulge with bestial killing power. (Slay +2)
Your plain brown scales are hard. (AC +5)
You cannot fit into any form of body armour.
You are cold-blooded and may be slowed by cold attacks.


Message History

The ball python constricts you. The ball python bites you.
You barely miss the ball python. The ball python bites you.
The ball python constricts you.
The ball python bites you but does no damage.
The orc priest hits you with a +0 whip.
The orc priest shouts, "The Pantheon deserves no one's loyalty.
Let us show you the true path!" (press Y on the ability menu to convert to Beogh)
You hit the ball python.
You kill the ball python!
Your surroundings suddenly seem different.
Something loses its grip on you.
The orc priest shouts!
The orc priest mumbles some strange prayers to Beogh against you.
Beogh smites you!
Okay, then.
The orc shouts!
You barely miss the orc priest. You hit the orc priest.
The orc priest is moderately wounded.
The orc priest closely misses you.
You closely miss the orc.
Your tail-slap misses the orc.
The orc priest invokes the aid of Beogh against you.
You resist with some effort. The orc closely misses you.
You closely miss the orc priest.
The orc priest is moderately wounded.
You block the orc priest's attack.
You barely miss the orc priest.
The orc priest is moderately wounded.
The orc priest begins to cast a cantrip, but forgets the words!
You hit the orc priest.
The orc priest is heavily wounded.
The orc priest mumbles some strange prayers to Beogh against you.
Beogh smites you!
* * * LOW HITPOINT WARNING * * *
You punch the orc priest!
The orc priest shouts, "The Pantheon deserves no one's loyalty.
Let us show you the true path!"
The orc priest is almost dead.
The orc priest calls down the wrath of Beogh upon you.
Beogh smites you!
You die...

#.#..##.#... ~ ### #.#..# ...
... ..# ########.#..##S#.....
##.# #....<##.#...%)or.... .#.#
#)######.#.###o.!#.#.
)..########.#....#.#.###...#
................o............
.##########..[##o#r#........#.#
.##.#########.##h#.########## #
......#..#.ß#....S.....#
......#..'.ß#...........#
....#ß#..#.ß#..#..####...#
....####.####..#..# #.#
.#..#.......#..#..####.# #
.#..#..........#.......#
.#..#..######..###.#####
.#.).#.#_...#..###)#


You could see an orc priest, an orc and a ball python.

Vanquished Creatures
  Terence (D:2)
  An orc wizard (D:3)
  4 gnolls
  2 adders (D:2)
  3 dart slugs
  A ribbon worm (D:2)
  An orc (D:3)
  2 endoplasms
  3 giant cockroaches
  8 goblins
  5 hobgoblins
  2 kobolds
  4 quokkas
  7 ball pythons
  11 bats
  3 frilled lizards (D:1)
  4 rats
62 creatures vanquished.

Notes
Turn   | Place    | Note
-------+----------+-------------------------------------------
     0 | D:1      | uglyjohn the Draconian Shapeshifter began the quest for the
                  | Orb.
     0 | D:1      | Reached XP level 1. HP: 16/16 MP: 1/1
    10 | D:1      | Noticed a centaur
   232 | D:1      | Reached XP level 2. HP: 23/23 MP: 2/2
   626 | D:1      | Reached XP level 3. HP: 28/29 MP: 3/3
  1072 | D:2      | Identified the ring of Osebe {rElec rN+ Will+ Str+6}
  1094 | D:2      | Noticed Terence
  1107 | D:2      | Killed Terence
  1108 | D:2      | Reached XP level 4. HP: 32/36 MP: 4/4
  1730 | D:3      | Reached XP level 5. HP: 34/42 MP: 5/5
  1749 | D:3      | Found a faded altar of an unknown god.
  1911 | D:3      | Found a glowing drain.
  1934 | D:3      | Killed from afar by an orc priest

Illustrated notes

Levels and vault maps discovered:
D:1:      evilmike_arrival_come_back, layout_loops_ring, st_stairs_1,
          roderic_lattice_a, nicolae_kite_square_tiling_tiny,
          nicolae_grassy_gnolls
D:2:      layout_loops_ring, uniq_terence
D:3:      layout_basic, vehumet_altar_wand_db,
          shapermc_ecumenical_altar_mp_vishouse, portal_sewer_entry_a

Skill      XL: |  1  2  3  4  5 |
---------------+----------------+-----
Dodging        | 2 |  2.5
Fighting       | 2 |  2.4
Unarmed Combat | 4 |  4.2
Shapeshifting  | 4 |  4.1

Action                     |  1- 3 |  4- 6 || total
---------------------------+-------+-------++-------
  Melee: Unarmed           |   111 |    83 ||   194
         Punch             |     1 |     1 ||     2
         Tailslap          |     9 |     5 ||    14
    Use: Scroll            |       |     1 ||     1
   Stab: Sleeping          |     2 |       ||     2
 Armour: Skin              |    79 |    57 ||   136
  Dodge: Dodged            |    73 |    30 ||   103
  Block: Other             |       |    16 ||    16
         Reflection        |       |     1 ||     1

Table legend: (Time is in decaauts)
 A = Elapsed time spent in this place.
 B = Non-inter-level travel time spent in this place.
 C = Inter-level travel time spent in this place.
 D = Time resting spent in this place.
 E = Time spent auto-exploring this place.
 F = Levels seen in this place.
 G = Mean time per level.
                   A        B        C        D        E       F      G
               +--------+--------+--------+--------+--------+-----+--------+
         Total |   1923 |   1900 |     23 |    127 |   1193 |   3 |  641.0 |
       Dungeon |   1923 |   1900 |     23 |    127 |   1193 |   3 |  641.0 |
               +--------+--------+--------+--------+--------+-----+--------+

Top non-repeatable levels by time:
     D:1: 889 daAuts
     D:2: 746 daAuts
     D:3: 287 daAuts
